 Dungeon Crawl Stone Soup version 0.20.1-1-g8b1a95d (webtiles) character file.

123 vishdafish the Skirmisher (level 4, -2/36 HPs)
             Began as a Demonspawn Fighter on July 3, 2017.
             Slain by a gnoll
             ... wielding a +0 whip
              (8 damage)
             ... on level 2 of the Dungeon.
             The game lasted 00:01:48 (1332 turns).

vishdafish the Skirmisher (Demonspawn Fighter)      Turns: 1332, Time: 00:01:49

Health: -2/36      AC:  6    Str: 18    XL:     4   Next: 79%
Magic:  5/5        EV:  7    Int:  9    God:
Gold:   57         SH:  9    Dex: 12    Spells: 3/3 levels left

rFire    . . .     SeeInvis .   a - +0 war axe
rCold    . . .     Gourm    .   c - +0 shield
rNeg     . . .     Faith    .   b - +0 scale mail
rPois    .         Spirit   .   (no helmet)
rElec    .         Reflect  .   (no cloak)
rCorr    .         Harm     .   (no gloves)
MR       .....                  (no boots)
Stlth    ..........             e - amulet of rage
Regen    0.2/turn               (no ring)
MPRegen  0.1/turn               (no ring)

@: lethally poisoned (-2 -> -5)
A: spiny 1
a: Evoke Berserk Rage


You were on level 2 of the Dungeon.
You were hungry.

You visited 1 branch of the dungeon, and saw 2 of its levels.

You collected 57 gold pieces.

Inventory:

Hand Weapons
 a - a +0 war axe (weapon)
Armour
 b - a +0 scale mail (worn)
 c - a +0 shield (worn)
Jewellery
 e - an amulet of rage (around neck)
 n - an uncursed ring of wizardry {unknown}
Scrolls
 j - 3 scrolls of identify {unknown}
 m - a scroll of remove curse {unknown}
 o - a scroll of amnesia {unknown}
 p - a scroll of noise {unknown}
Potions
 d - a potion of might
 g - a potion of mutation {unknown}
 h - a potion of degeneration {unknown}
 i - 2 potions of lignification {unknown}
 k - a potion of flight {unknown}
 l - a potion of agility {unknown}
 q - a potion of curing {unknown}
Comestibles
 f - 2 bread rations
 r - a royal jelly


   Skills:
 + Level 3.6 Fighting
 + Level 2.5 Axes
 + Level 3.0 Armour
 + Level 3.3 Shields
 * Level 2.1 Evocations


You had 3 spell levels left.
You didn't know any spells.

Dungeon Overview and Level Annotations

Branches:
Dungeon (2/15)

Altars:


Innate Abilities, Weirdness & Mutations

You are partially covered in sharp spines.


Message History

The gnoll is severely wounded.
You closely miss the adder. You hit the gnoll.
You kill the gnoll!
Your Armour skill increases to level 3!
The adder is struck by your spines. The adder bites you but does no damage.
You block the gnoll's attack. The adder bites you.
* * * LOW HITPOINT WARNING * * *
You block the gnoll's attack.
You barely miss the gnoll.
The gnoll is severely wounded.
You barely miss the adder. You block the gnoll's attack. The adder bites you.
* * * LOW HITPOINT WARNING * * *
You are poisoned.
The adder poisons you! The gnoll hits you but does no damage.
The adder completely misses you. You block the gnoll's attack.
Your shield and scale mail prevent you from hitting the gnoll.
The gnoll is severely wounded.
You hit the adder but do no damage.
You feel sick. The gnoll is struck by your spines.
The gnoll hits you with a whip!
You die...

....########.##.†
#+#.....)†....##..
#.#.....).........
#.#...........###.
#######.##....##........
.........+..(..+........
........##!(..##........
%.......##(...###+#+#...
.....gg@##...$# .....
......†.S(.(..# #.....
######........# #.....
#......### #..<..
#......# . #.)....#
####.... #..... #......


You could see 2 gnolls and an adder.

Vanquished Creatures
  2 adders (D:2)
  5 gnolls (D:2)
  2 worms (D:2)
  2 dart slugs (D:1)
  7 bats
  2 giant cockroaches (D:1)
  6 goblins
  3 hobgoblins (D:1)
  9 kobolds
  3 ball pythons (D:1)
  5 frilled lizards
  2 rats (D:1)
48 creatures vanquished.

Notes
Turn   | Place    | Note
-------+----------+-------------------------------------------
     0 | D:1      | vishdafish the Demonspawn Fighter began the quest for the Orb.
     0 | D:1      | Reached XP level 1. HP: 18/18 MP: 1/1
    75 | D:1      | Gained mutation: You are partially covered in sharp spines. [demonic ancestry]
    75 | D:1      | Reached XP level 2. HP: 24/24 MP: 2/2
   312 | D:1      | Reached skill level 1 in Evocations
   440 | D:1      | Reached XP level 3. HP: 19/29 MP: 3/3
  1291 | D:2      | Reached XP level 4. HP: 24/35 MP: 5/5
  1332 | D:2      | Slain by a gnoll

Skill      XL: |  1  2  3  4 |
---------------+-------------+-----
Shields        | 3 |  3.3
Axes           | 2 |  2.5
Evocations     | 1 2 |  2.1
Armour         | 3 |  3.0
Fighting       | |  3.6

Action                   |  1- 3 |  4- 6 || total
-------------------------+-------+-------++-------
Melee: War axe           |    89 |    19 ||   108
  Eat: Chunk             |     1 |       ||     1
Armor: Scale mail        |    34 |     7 ||    41
Dodge: Dodged            |    22 |    11 ||    33
Block: Shield            |    46 |    10 ||    56
